 Dungeon Crawl Stone Soup version 0.30-a0-586-g23e55c9e0a (webtiles) character file.

Game seed: 1645651493886727974

2760 PyroL the Trooper (level 9, -1/74 HPs)
             Began as a Demonspawn Fire Elementalist on Jan 4, 2023.
             Was a Follower of Vehumet.
             Slain by Duvessa
             ... wielding a +0 rapier
              (5 damage)
             ... on level 7 of the Dungeon.
             The game lasted 00:19:23 (7233 turns).

PyroL the Trooper (Demonspawn Fire Elementalist)    Turns: 7233, Time: 00:19:24

Health: -1/74      AC:  8    Str:  9    XL:     9   Next: 41%
Magic:  0/16       EV: 11    Int: 21    God:    Vehumet [*.....]
Gold:   315        SH:  5    Dex: 13    Spells: 8/18 levels left

rFire   . . .      SeeInvis .    a - +4 dagger (speed)
rCold   . . .      Faith    .    (no shield)
rNeg    + . .      Spirit   +    l - +0 troll leather armour
rPois   .          Reflect  +    (no helmet)
rElec   .          Harm     .    (no cloak)
rCorr   .          Rampage  .    w - +0 pair of gloves
Will    .....                    (no boots)
Stlth   ++                       i - amulet of reflection
HPRegen 1.12/turn                z - ring of positive energy
MPRegen 0.30/turn                (no ring)

@: mighty
A: slimy green scales 2, magic shield, magic regeneration, weakness stinger 2
a: Renounce Religion


You were on level 7 of the Dungeon.
You worshipped Vehumet.
Vehumet was aware of your devotion.
You visited 2 branches of the dungeon, and saw 8 of its levels.
You also visited: Sewer.

You collected 315 gold pieces.

Inventory:

Hand Weapons
 a - a +4 dagger of speed (weapon)
Missiles
 d - 39 poisoned darts
 k - 6 boomerangs of dispersal
Armour
 l - a +0 troll leather armour (worn)
 w - a +0 pair of gloves (worn)
Jewellery
 i - an amulet of reflection (around neck)
 z - a ring of positive energy (left hand)
Wands
 m - a wand of digging (5)
 t - a wand of paralysis (8)
 u - a wand of flame (6)
Scrolls
 e - a scroll of silence {unknown}
 f - 3 scrolls of fog
 n - 3 scrolls of enchant weapon
 o - 2 scrolls of teleportation
 p - 5 scrolls of blinking
 r - 2 scrolls of amnesia {unknown}
 y - 2 scrolls of magic mapping {unknown}
 A - 2 scrolls of immolation
 B - a scroll of poison {unknown}
 C - a scroll of vulnerability {unknown}
 D - a scroll of enchant armour {unknown}
 E - a scroll of acquirement {unknown}
Potions
 b - a potion of magic
 c - a potion of might
 g - a potion of mutation {unknown}
 h - 2 potions of attraction {unknown}
 j - 2 potions of brilliance
 q - 3 potions of haste
 s - a potion of degeneration {unknown}
 v - 4 potions of curing
 x - 4 potions of flight {unknown}


   Skills:
 - Level 7.9 Fighting
 + Level 1.7 Armour
 - Level 1.7 Dodging
 - Level 1.7 Stealth
 - Level 5.1 Spellcasting
 + Level 5.1 Conjurations
 - Level 3.0 Hexes
 + Level 5.9 Fire Magic


You had 8 spell levels left.
You knew the following spells:

 Your Spells              Type           Power      Damage    Failure   Level
a - Foxfire               Conj/Fire      100%       2x1d9     1%          1
b - Scorch                Fire           60%        2d8       1%          2
c - Inner Flame           Hex/Fire       24%        N/A       7%          3
d - Flame Wave            Conj/Fire      28%        2d9       14%         4

Your spell library contained the following spells:

 Spells                   Type           Power      Damage    Failure   Level
 Shock                    Conj/Air       64%        1d7       4%          1
 Kindle Blastsparks       Fire/Tloc/Air  26%        2d12      19%         3
 Cigotuvi's Dreadful Rot  Necr/Pois/Air  10%        N/A       22%         2
 Dispel Undead            Necr           5%         3d7       82%         4
 Death Channel            Necr           2%         N/A       100%        6
 Chain Lightning          Conj/Air       8%         3d10      100%        9
 Fire Storm               Conj/Fire      14%        8d4       100%        9
 Shatter                  Erth           2%         3d6*      100%        9


Dungeon Overview and Level Annotations

Branches:
Dungeon (7/15)             Temple (1/1) D:5           Sewer (visited)

Altars:
Dithmenos
Gozag
Hepliaklqana
Makhleb
Nemelex Xobeh
Qazlal
Sif Muna
Trog
Uskayaw
Vehumet
Wu Jian
Xom
Yredelemnul

Shops:
D:1 *   D:4 :   D:5 ?   D:6 [

Annotations:
D:7 Duvessa


Innate Abilities, Weirdness & Mutations

You are mostly covered in slimy green scales. (AC +3)
When hurt, damage is shared between your health and your magic reserves.
You regenerate magic rapidly.
You have a tail ending in a sharp stinger.


Message History

Duvessa is heavily wounded.
Duvessa hits you with a +0 rapier.
You hit Duvessa.
You tail-slap Duvessa, but do no damage.
Duvessa is heavily wounded.
Duvessa misses you.
You hit Duvessa but do no damage.
Duvessa is heavily wounded.
Duvessa hits you with a +0 rapier.
You hit Duvessa but do no damage.
Your tail-slap misses Duvessa.
Duvessa is heavily wounded.
Duvessa hits you with a +0 rapier!
* * * LOW HITPOINT WARNING * * *
Duvessa attacks as you move away! Duvessa hits you with a +0 rapier!
* * * LOW HITPOINT WARNING * * *
Duvessa rages.
Duvessa barely misses you.
Okay, then.
You feel very mighty all of a sudden. Duvessa hits you with a +0 rapier!
* * * LOW HITPOINT WARNING * * *
You puncture Duvessa!
Duvessa is severely wounded.
Duvessa hits you but does no damage.
You puncture Duvessa!
Duvessa is almost dead.
You block Duvessa's attack.
You barely miss Duvessa.
Duvessa is almost dead.
Duvessa hits you with a +0 rapier!
* * * LOW HITPOINT WARNING * * *
You closely miss Duvessa.
Duvessa is almost dead.
Duvessa hits you with a +0 rapier.
* * * LOW HITPOINT WARNING * * *
You barely miss Duvessa.
You tail-slap Duvessa, but do no damage.
Duvessa is almost dead.
Duvessa hits you with a +0 rapier.
You die...

#.#.. ..
#.#.##.
#.#.#. ##
#.#.. .###
#.#.## )..
#.#..##
##○#
#...#.###.#
###.##.#e##
#.###@##
#.# ### #.#
#.# #.# #.#
#.# #.# #.#


You could see Duvessa (berserk, fast, combustible).

Vanquished Creatures
  Maggie (D:7)
  A troll (D:6)
  The ghost of elongatedgoose the Shooter, an amateur FoHu (D:5)
  2 water moccasins (D:6)
  An ice beast (D:7)
  A sky beast (D:6)
  A black bear (D:6)
  2 ogres
  3 phantoms
  4 kobold brigands
  A bullfrog (D:6)
  A scorpion (D:5)
  3 necrophages
  Dowan (D:7)
  A killer bee (D:5)
  2 hounds
  An orc priest (D:3)
  3 jellies
  2 iguanas
  2 orc wizards
  4 gnolls (D:7)
  9 adders
  2 river rats (Sewer)
  A shadow imp (D:6)
  A white imp (D:7)
  2 ufetubi
  10 worms
  4 dart slugs
  17 orcs
  10 ball pythons
  8 endoplasms
  A giant cockroach (D:3)
  8 goblins
  7 hobgoblins
  2 quokkas
  4 bats
  5 frilled lizards
  14 kobolds
  13 rats
156 creatures vanquished.

Vanquished Creatures (others)
  193 foxfires
193 creatures vanquished.

Grand Total: 349 creatures vanquished

Notes
Turn   | Place    | Note
-------+----------+-------------------------------------------
     0 | D:1      | PyroL the Demonspawn Fire Elementalist began the quest for
                  | the Orb.
     0 | D:1      | Reached XP level 1. HP: 13/13 MP: 3/3
   192 | D:1      | Gained mutation: You have a small tail. [demonic ancestry]
   192 | D:1      | Reached XP level 2. HP: 19/19 MP: 1/5
   195 | D:1      | Learned a level 2 spell: Scorch
   233 | D:1      | Found Neqeb's Assorted Antiques.
   478 | D:1      | Found a faded altar of an unknown god.
  1155 | D:2      | Gained mutation: You regenerate magic rapidly. [demonic
                  | ancestry]
  1155 | D:2      | Reached XP level 3. HP: 24/24 MP: 5/7
  1753 | D:3      | Gained mutation: You are partially covered in slimy green
                  | scales. (AC +2) [demonic ancestry]
  1753 | D:3      | Reached XP level 4. HP: 6/30 MP: 0/8
  2877 | D:4      | You fall into a shaft and drop 2 floors!
  2901 | D:5      | Entered Level 5 of the Dungeon
  2956 | D:5      | Found Ziojeop's Magic Scroll Shoppe.
  2974 | D:5      | Noticed a phantom
  2984 | D:4      | Killed a phantom
  2985 | D:4      | Reached XP level 5. HP: 29/35 MP: 2/11
  3119 | D:4      | Found a glowing drain.
  3123 | Sewer    | Entered a sewer
  3240 | Sewer    | Gained mutation: When hurt, damage is shared between your
                  | health and your magic reserves. [demonic ancestry]
  3240 | Sewer    | Reached XP level 6. HP: 12/41 MP: 9/12
  3522 | Sewer    | Reached skill level 5 in Fire Magic
  3800 | Sewer    | Reached skill level 5 in Spellcasting
  4258 | D:4      | Reached XP level 7. HP: 43/46 MP: 10/14
  4299 | D:4      | Found Qenicwed's Self-Improvement Boutique.
  4620 | D:4      | Reached skill level 1 in Fighting
  5297 | D:5      | Reached skill level 2 in Fighting
  5522 | D:5      | Found a staircase to the Ecumenical Temple.
  5526 | Temple   | Entered the Ecumenical Temple
  5531 | Temple   | Became a worshipper of Vehumet
  5547 | D:5      | Reached skill level 3 in Fighting
  5755 | D:5      | Gained mutation: You are mostly covered in slimy green
                  | scales. (AC +3) [demonic ancestry]
  5755 | D:5      | Reached XP level 8. HP: 60/60 MP: 8/15
  5838 | D:5      | Found a runed translucent door.
  5838 | D:5      | Noticed elongatedgoose's ghost (amateur FoHu)
  5849 | D:5      | Killed elongatedgoose's ghost
  5850 | D:5      | Reached skill level 4 in Fighting
  6244 | D:6      | Reached skill level 1 in Hexes
  6313 | D:6      | Reached skill level 5 in Fighting
  6353 | D:6      | Found Beiwa's Armour Shop.
  6619 | D:6      | Found a bloodstained altar of Trog.
  6663 | D:6      | Reached skill level 6 in Fighting
  6760 | D:6      | Reached skill level 7 in Fighting
  6760 | D:6      | Gained mutation: You have a tail ending in a sharp stinger.
                  | [demonic ancestry]
  6760 | D:6      | Reached XP level 9. HP: 72/72 MP: 3/16
  6766 | D:6      | Learned a level 3 spell: Inner Flame
  6771 | D:6      | Learned a level 4 spell: Flame Wave
  6854 | D:7      | Noticed a troll
  6876 | D:6      | Killed a troll
  6928 | D:7      | Reached * piety under Vehumet
  6928 | D:7      | Offered knowledge of Shock by Vehumet.
  7061 | D:7      | Noticed Maggie
  7069 | D:7      | Killed Maggie
  7070 | D:7      | Reached skill level 1 in Armour
  7102 | D:7      | Reached skill level 5 in Conjurations
  7211 | D:7      | Noticed Duvessa
  7214 | D:7      | Noticed Dowan
  7218 | D:7      | Killed Dowan
  7233 | D:7      | Slain by Duvessa

Illustrated notes

Levels and vault maps discovered:
D:1:      amcnicky_arrival_double_pillar, layout_loops_cross,
          dreamdust_ecumenical_altar_angels_and_demons, serial_shops, shop,
          minivault_24
D:2:      layout_rooms, nicolae_concentric_dashed_squares_wild,
          chequers_serial_rivers_micro_a, kennysheep_generic_room_5
D:3:      layout_basic
D:4:      nicolae_cairo_tiling_very_big, layout_loops_corners,
          lightli_sewer_entry_pipes, nicolae_shop_self_help
D:5:      layout_loops_corners, temple_statues, serial_shops,
          nicolae_shop_advertising_works [nicolae_subvault_shop_adworks],
          ebering_ghost_inner_flame
D:6:      layout_basic, lemuel_tele_altar, serial_shops,
          nicolae_shop_statue_plus, st_stairs_4
D:7:      cheibrodos_two_vegetables, layout_loops_ring,
          hellmonk_guarded_unrand_zhor, uniq_duvessa, uniq_maggie, uniq_menkaure
Temple:   minmay_freezing_vapour_temple

Skill      XL: |  1  2  3  4  5  6  7  8  9 |
---------------+----------------------------+-----
Fire Magic     | 3 4 5 |  5.9
Spellcasting   | 3 4 5 |  5.1
Fighting       | 3 7 |  7.9
Conjurations   | 4 5 |  5.1
Hexes          | 3 |  3.0
Armour         | 1 |  1.7
Dodging        | |  1.7
Stealth        | |  1.7

Action                   |  1- 3 |  4- 6 |  7- 9 || total
-------------------------+-------+-------+-------++-------
Melee: Unarmed           |    12 |       |       ||    12
       Dagger            |    38 |    51 |    76 ||   165
       Tailslap          |     8 |     8 |     8 ||    24
       Punch             |       |     1 |     1 ||     2
 Cast: Foxfire           |    37 |    34 |    62 ||   133
       Scorch            |    18 |    52 |    86 ||   156
       Inner Flame       |       |       |     2 ||     2
       Flame Wave        |       |       |     1 ||     1
  Use: Potion            |       |     1 |     1 ||     2
       Scroll            |       |     4 |     3 ||     7
Armor: Robe              |    12 |    10 |    30 ||    52
       Troll leather arm |       |       |    16 ||    16
Dodge: Dodged            |    35 |    47 |    80 ||   162
Block: Other             |       |       |    34 ||    34
       Reflection        |       |       |     1 ||     1

Table legend: (Time is in decaauts)
 A = Elapsed time spent in this place.
 B = Non-inter-level travel time spent in this place.
 C = Inter-level travel time spent in this place.
 D = Time resting spent in this place.
 E = Time spent auto-exploring this place.
 F = Levels seen in this place.
 G = Mean time per level.
                   A        B        C        D        E       F      G
               +--------+--------+--------+--------+--------+-----+--------+
         Total |   7427 |   7238 |    189 |    295 |   5445 |   9 |  825.2 |
       Dungeon |   6213 |   6024 |    189 |    153 |   4612 |   7 |  887.6 |
        Temple |     10 |     10 |      0 |      0 |      0 |   1 |   10.0 |
         Sewer |   1202 |   1202 |      0 |    142 |    833 |   1 | 1202.0 |
               +--------+--------+--------+--------+--------+-----+--------+

Top non-repeatable levels by time:
     D:4: 1242 daAuts
   Sewer: 1202 daAuts
     D:5: 1133 daAuts
     D:3: 1079 daAuts
     D:1: 1073 daAuts
     D:6: 735 daAuts
     D:2: 637 daAuts
     D:7: 312 daAuts
  Temple: 10 daAuts
